[Event "ONJK-A 2019"]
[Site "Borne"]
[Date "2019.08.05"]
[Round "1.1"]
[White "Maerevoet, Sim"]
[Black "Albers, Sasa"]
[Result "1-0"]
[ECO "E17"]
[WhiteElo "2321"]
[BlackElo "1889"]
[Annotator "NA RC"]
[PlyCount "71"]
[EventDate "2019.08.05"]
[EventType "swiss"]
[EventCountry "NED"]
[TimeControl "5400+30"]

1. d4 Nf6 2. c4 e6 3. Nf3 b6 4. g3 Bb7 5. Bg2 Be7 6. O-O O-O 7. Re1 Qc8 8. Bg5 Bb4 9. Bxf6 Bxe1 10. Be7 Re8 11. Ba3 Bxf2+ 12. Kxf2 d6 13. Nc3 Nd7 14. Kg1 Nf6 15. Qc2 e5 16. d5 Qd8 17. e4 Bc8 18. Rf1 a5 19. b3 Nd7 20. Bh3 Nc5 21. Bxc8 Rxc8 22. Nh4 Qd7 23. Nf5 Rf8 24. Qf2 f6 25. Bxc5 bxc5 26. g4 g6 27. Ne3 Kg7 28. Kg2 Qe7 29. h4 Qd7 30. h5 Qe7 31. Qh4 Ra8 32. Rh1 Rh8 33. h6+ Kg8 34. Rf1 Rf8 35. Nb5 Rf7 36. Na7 1-0

[Event "ONJK-A 2019"]
[Site "Borne"]
[Date "2019.08.05"]
[Round "1.2"]
[White "De Bock, Thijs"]
[Black "Hilwerda, Jonas"]
[Result "1/2-1/2"]
[ECO "A26"]
[WhiteElo "1870"]
[BlackElo "2275"]
[Annotator "NA"]
[PlyCount "278"]
[EventDate "2019.08.05"]
[EventType "swiss"]
[EventCountry "NED"]
[SourceTitle "playchess.com"]
[Source "ChessBase"]
[SourceQuality "1"]
[TimeControl "5400+30"]

1. c4 e5 2. g3 Nc6 3. Bg2 g6 4. Nc3 Bg7 5. Nf3 d6 6. O-O Nge7 7. d3 O-O 8. Nd5 Nxd5 9. cxd5 Ne7 10. Qb3 c6 11. dxc6 bxc6 12. Qa3 h6 13. Bd2 a5 14. Bb4 c5 15. Bc3 Bb7 16. Ne1 Qd7 17. Bxb7 Qxb7 18. Ng2 Rfc8 19. f4 Nd5 20. e4 Nb4 21. Qb3 c4 22. dxc4 Qxe4 23. fxe5 dxe5 24. c5 Qd5 25. Bxb4 Qxb3 26. axb3 axb4 27. Rxa8 Rxa8 28. Rc1 Rc8 29. Ne3 Rc6 30. Nd5 Bf8 31. Nxb4 Rxc5 32. Nd3 Rd5 33. Rc3 e4 34. Nf4 Rd2 35. Rc4 e3 36. Rc3 Bg7 37. Rc8+ Kh7 38. Kf1 Rf2+ 39. Ke1 Rxb2 40. Rc7 Kg8 41. Rc8+ Kh7 42. Rc7 Kg8 43. Rc8+ Bf8 44. Nd5 Kg7 45. Nxe3 Rxh2 46. g4 Bb4+ 47. Kd1 Rd2+ 48. Kc1 Rd3 49. Nc2 Rxb3 50. Rc4 Bd6 51. Kd2 Rg3 52. Ke2 Rg2+ 53. Kf3 Rg3+ 54. Kf2 Rd3 55. Ke2 Rb3 56. Ne3 Be5 57. Re4 Bf6 58. Nc4 Rh3 59. Nd6 Bg5 60. Kf2 Rd3 61. Nc4 Bf6 62. Kg2 Rd5 63. Kf3 h5 64. gxh5 Rxh5 65. Nd6 Be5 66. Nc4 Kf6 67. Ne3 Bd6 68. Ng4+ Kg7 69. Rd4 Rf5+ 70. Kg2 Bc5 71. Rd7 Bb4 72. Ne3 Re5 73. Ng4 Re7 74. Rd4 Bc5 75. Rc4 Bb6 76. Rc6 Bd4 77. Rd6 Be5 78. Rd5 Bc7 79. Kf3 f5 80. Ne3 Rf7 81. Rb5 Kh6 82. Rb7 Kg7 83. Rb5 Bd8 84. Nc4 Bf6 85. Nd6 Rd7 86. Nxf5+ gxf5 87. Rxf5 Kg6 88. Rb5 Rd3+ 89. Ke4 Rd4+ 90. Ke3 Rh4 91. Kf3 Kf7 92. Kg3 Ra4 93. Kf3 Ke6 94. Rh5 Be5 95. Rh6+ Kd5 96. Rh1 Ra3+ 97. Kg4 Re3 98. Kf5 Bd4 99. Rh5 Rf3+ 100. Kg4+ Ke4 101. Rg5 Rf1 102. Kh5 Bf6 103. Rg4+ Kf5 104. Rg5+ Ke6 105. Rg2 Rf4 106. Kg6 Rf3 107. Re2+ Be5 108. Rg2 Rf8 109. Rg5 Bf6 110. Rg4 Rh8 111. Re4+ Be5 112. Rg4 Rh1 113. Rg2 Ra1 114. Rg5 Re1 115. Rg2 Rb1 116. Rg5 Rb8 117. Rg4 Rf8 118. Rg5 Bf4 119. Rg4 Rf6+ 120. Kh7 Kf5 121. Rg7 Rh6+ 122. Kg8 Be5 123. Rf7+ Bf6 124. Rh7 Rg6+ 125. Kf8 Rg1 126. Ke8 Ra1 127. Rb7 Rd1 128. Rd7 Re1+ 129. Kf7 Be5 130. Ke7 Bc7+ 131. Kf7 Rh1 132. Kf8 Be5 133. Kf7 Rh6 134. Kf8 Ke6 135. Re7+ Kd6 136. Re8 Rh7 137. Kg8 Rg7+ 138. Kf8 Bf6 139. Re2 Ra7 1/2-1/2

[Event "ONJK-A 2019"]
[Site "Borne"]
[Date "2019.08.05"]
[Round "1.3"]
[White "Baselmans, Luuk"]
[Black "De Vries, Tobias"]
[Result "1-0"]
[ECO "B30"]
[WhiteElo "2212"]
[BlackElo "1868"]
[Annotator "NA"]
[PlyCount "89"]
[EventDate "2019.08.05"]
[EventType "swiss"]
[EventCountry "NED"]
[SourceTitle "playchess.com"]
[Source "ChessBase"]
[SourceQuality "1"]
[TimeControl "5400+30"]

1. e4 c5 2. Nf3 Nc6 3. Bb5 e6 4. Bxc6 bxc6 5. b3 d5 6. d3 Nf6 7. Nbd2 Be7 8. Bb2 O-O 9. O-O Nd7 10. Ne5 Nxe5 11. Bxe5 f6 12. Bb2 Bd6 13. f4 Qc7 14. Qf3 Ba6 15. Kh1 Rab8 16. Bc3 Rbe8 17. a4 f5 18. e5 Be7 19. Qh5 g6 20. Qh6 Rf7 21. Rad1 Bf8 22. Qh4 Qe7 23. Qg3 Rg7 24. Nf3 h6 25. Qh3 Rh7 26. g4 Qf7 27. Rg1 fxg4 28. Rxg4 h5 29. Rg3 Bh6 30. Qxh5 Bxf4 31. Qxg6+ Rg7 32. Qxf7+ Kxf7 33. Rxg7+ Kxg7 34. Rg1+ Kf7 35. Nh4 Rh8 36. Rg4 Be3 37. Nf3 Rh5 38. Kg2 Rf5 39. Be1 Bb7 40. Bf2 Bh6 41. Bxc5 Bg7 42. Ng5+ Ke8 43. d4 Bh6 44. Nxe6 Ba6 45. Nc7+ 1-0

[Event "ONJK-A 2019"]
[Site "Borne"]
[Date "2019.08.05"]
[Round "1.4"]
[White "Hempler, Poul"]
[Black "Van Malder, Dries"]
[Result "0-1"]
[ECO "B22"]
[WhiteElo "1856"]
[BlackElo "2178"]
[Annotator "NA"]
[PlyCount "62"]
[EventDate "2019.08.05"]
[EventType "swiss"]
[EventCountry "NED"]
[SourceTitle "playchess.com"]
[Source "ChessBase"]
[SourceQuality "1"]
[TimeControl "5400+30"]

1. e4 c5 2. c3 d5 3. exd5 Qxd5 4. d4 Nc6 5. Nf3 Nf6 6. Be2 cxd4 7. cxd4 e6 8. Nc3 Qd6 9. O-O Be7 10. h3 O-O 11. Be3 b6 12. Qb3 Bb7 13. Rfd1 Rac8 14. Rd2 Rfd8 15. Rad1 Nb4 16. Ne5 Nbd5 17. Rc2 Nd7 18. Nd3 Nxe3 19. fxe3 Bg5 20. Ne1 Bxe3+ 21. Kh1 Qg3 22. Bf3 Bf4 23. Kg1 Be3+ 24. Kh1 Bf4 25. Kg1 Qh2+ 26. Kf1 Ba6+ 27. Be2 Be3 28. Bxa6 Qg1+ 29. Ke2 Qf2+ 30. Kd3 Ne5+ 31. Ke4 Qf4# 0-1

[Event "ONJK-A 2019"]
[Site "Borne"]
[Date "2019.08.05"]
[Round "1.5"]
[White "Emans, Job"]
[Black "Vitharana, Annelies"]
[Result "1-0"]
[ECO "E18"]
[WhiteElo "1989"]
[BlackElo "1768"]
[Annotator "NA"]
[PlyCount "99"]
[EventDate "2019.08.05"]
[EventType "swiss"]
[EventCountry "NED"]
[SourceTitle "playchess.com"]
[Source "ChessBase"]
[SourceQuality "1"]
[TimeControl "5400+30"]

1. d4 Nf6 2. c4 e6 3. Nf3 b6 4. g3 Bb7 5. Bg2 Be7 6. O-O O-O 7. Nc3 d5 8. Ne5 Nbd7 9. e3 Ne4 10. Nxe4 dxe4 11. Qc2 f5 12. Nxd7 Qxd7 13. b3 Rad8 14. Bb2 Bf6 15. Rfd1 Qe7 16. a4 Qd7 17. Rac1 c6 18. c5 Rc8 19. Bf1 b5 20. b4 a6 21. Bg2 Ra8 22. f3 Bg5 23. Re1 exf3 24. Bxf3 Qc7 25. a5 Bc8 26. Rcd1 Bd7 27. e4 f4 28. g4 Be8 29. d5 e5 30. d6 Qd7 31. Bxe5 Bf7 32. Ba1 Bc4 33. e5 Bh4 34. Re4 Bd5 35. Rxd5 cxd5 36. Rd4 Rae8 37. Rxd5 Rc8 38. Rd1 Kh8 39. c6 Qe6 40. c7 h5 41. h3 Qd7 42. Qg6 Qf7 43. Qxf7 Rxf7 44. Bb7 Rff8 45. Bxc8 Rxc8 46. Bd4 hxg4 47. hxg4 Kg8 48. Bb6 Re8 49. d7 Rxe5 50. c8=Q+ 1-0

[Event "ONJK-A 2019"]
[Site "Borne"]
[Date "2019.08.05"]
[Round "1.6"]
[White "Vleming, Stefan"]
[Black "Van Roon, Sjoerd"]
[Result "1-0"]
[ECO "A68"]
[WhiteElo "1760"]
[BlackElo "2072"]
[Annotator "NA"]
[PlyCount "47"]
[EventDate "2019.08.05"]
[EventType "swiss"]
[EventCountry "NED"]
[SourceTitle "playchess.com"]
[Source "ChessBase"]
[SourceQuality "1"]
[TimeControl "5400+30"]

1. d4 Nf6 2. c4 g6 3. Nc3 Bg7 4. e4 O-O 5. f4 d6 6. Nf3 c5 7. d5 e6 8. Bd3 exd5 9. cxd5 Re8 10. O-O c4 11. Bb1 b5 12. e5 Ng4 13. h3 Nh6 14. Ne4 dxe5 15. fxe5 Nf5 16. g4 Nh4 17. Bg5 Nxf3+ 18. Qxf3 Qc7 19. d6 Qb7 20. Nf6+ Bxf6 21. Qxf6 Re6 22. Qd8+ Kg7 23. Bf6+ Kh6 24. Qf8# 1-0

[Event "ONJK-A 2019"]
[Site "Borne"]
[Date "2019.08.05"]
[Round "1.7"]
[White "Baselmans, Sam"]
[Black "Hofstra, Tijmen"]
[Result "1-0"]
[ECO "B23"]
[WhiteElo "2064"]
[BlackElo "1732"]
[Annotator "NA"]
[PlyCount "63"]
[EventDate "2019.08.05"]
[EventType "swiss"]
[EventCountry "NED"]
[SourceTitle "playchess.com"]
[Source "ChessBase"]
[SourceQuality "1"]
[TimeControl "5400+30"]

1. e4 c5 2. Nc3 a6 3. Nge2 b5 4. g3 Bb7 5. Bg2 Nf6 6. d3 d6 7. O-O e5 8. f4 Qb6 9. h3 Nbd7 10. Be3 b4 11. Na4 Qa5 12. b3 Be7 13. Nb2 d5 14. fxe5 Nxe5 15. Rf5 Qc7 16. Bf4 Bd6 17. exd5 Nxd5 18. Nc4 f6 19. d4 Nxc4 20. Bxd5 Nb2 21. Qc1 Bxf4 22. Nxf4 Qd7 23. Qe3+ Kd8 24. Ne6+ Kc8 25. Bxb7+ Qxb7 26. Rxc5+ Kd7 27. Rc7+ Qxc7 28. Nxc7 Kxc7 29. Qe7+ Kc6 30. Qxb4 Rhe8 31. Re1 Kd5 32. Qc5# 1-0

[Event "ONJK-A 2019"]
[Site "Borne"]
[Date "2019.08.05"]
[Round "1.8"]
[White "Akulova, Alicia"]
[Black "Shakhverdian, William"]
[Result "0-1"]
[ECO "C47"]
[WhiteElo "1702"]
[BlackElo "2001"]
[Annotator "NA"]
[PlyCount "52"]
[EventDate "2019.08.05"]
[EventType "swiss"]
[EventCountry "NED"]
[SourceTitle "playchess.com"]
[Source "ChessBase"]
[SourceQuality "1"]
[TimeControl "5400+30"]

1. e4 e5 2. Nf3 Nc6 3. Nc3 Nf6 4. d4 exd4 5. Nxd4 Bc5 6. Nxc6 bxc6 7. Bd3 d5 8. exd5 cxd5 9. O-O O-O 10. Bg5 c6 11. h3 h6 12. Bh4 Rb8 13. Rb1 Rb4 14. Bg3 Bd6 15. Bxd6 Qxd6 16. Qf3 Rf4 17. Qd1 Rh4 18. Qf3 Rf4 19. Qd1 Re8 20. Ne2 Rh4 21. Qe1 Ra4 22. a3 Re5 23. f4 Re8 24. Qf2 Ne4 25. Bxe4 Raxe4 26. Rbe1 Qe7 0-1

[Event "ONJK-A 2019"]
[Site "Borne"]
[Date "2019.08.05"]
[Round "1.9"]
[White "Noordenbos, Daan"]
[Black "Segers, Job"]
[Result "1-0"]
[ECO "C62"]
[WhiteElo "2042"]
[BlackElo "1618"]
[Annotator "NA"]
[PlyCount "53"]
[EventDate "2019.08.05"]
[EventType "swiss"]
[EventCountry "NED"]
[SourceTitle "playchess.com"]
[Source "ChessBase"]
[SourceQuality "1"]
[TimeControl "5400+30"]

1. e4 e5 2. Nf3 Nf6 3. Nc3 Nc6 4. Bb5 d6 5. d4 Bd7 6. Bg5 h6 7. Bxf6 Qxf6 8. Nd5 Qd8 9. dxe5 Nxe5 10. Bxd7+ Qxd7 11. Nxe5 dxe5 12. Qf3 O-O-O 13. O-O-O Bc5 14. Nb6+ Bxb6 15. Rxd7 Rxd7 16. Rd1 Rhd8 17. Rd3 g6 18. Kd1 Bd4 19. b3 c6 20. Ke2 Bc5 21. Qf6 Bd6 22. g4 Kc7 23. Qg7 h5 24. gxh5 gxh5 25. Qh6 f5 26. exf5 Rf8 27. Rxd6 1-0

[Event "ONJK-A 2019"]
[Site "Borne"]
[Date "2019.08.05"]
[Round "1.10"]
[White "Koning, Femke"]
[Black "Boudry, William"]
[Result "0-1"]
[ECO "B07"]
[WhiteElo "1580"]
[BlackElo "2033"]
[Annotator "NA"]
[PlyCount "100"]
[EventDate "2019.08.05"]
[EventType "swiss"]
[EventCountry "NED"]
[SourceTitle "playchess.com"]
[Source "ChessBase"]
[SourceQuality "1"]
[TimeControl "5400+30"]

1. e4 d6 2. d4 Nf6 3. Nc3 e5 4. dxe5 dxe5 5. Qxd8+ Kxd8 6. Bc4 Ke8 7. f3 Bc5 8. Nge2 c6 9. a3 a5 10. a4 Na6 11. Bd2 Nc7 12. Nc1 Be6 13. Bxe6 Nxe6 14. Nb3 Bb6 15. Ne2 Nd7 16. Bc3 f6 17. O-O-O Ndc5 18. Nxc5 Bxc5 19. Kb1 Ke7 20. Rd3 Bf2 21. b3 Nc5 22. Rdd1 b5 23. axb5 cxb5 24. Rd5 b4 25. Bb2 Ra7 26. Rhd1 Rc8 27. Nc1 a4 28. bxa4 Nxa4 29. Nb3 Rac7 30. R1d2 Be1 31. Rd1 Bc3 32. Bc1 Bd4 33. Bd2 Bc3 34. Bc1 Ra8 35. R1d3 Rca7 36. Be3 Nb6 37. Bc5+ Kf7 38. Rxc3 Nxd5 39. Rd3 Nc3+ 40. Kc1 Rb7 41. Kd2 Na4 42. Be3 Nb2 43. Rd5 Nc4+ 44. Kd3 Nxe3 45. Kxe3 Rc8 46. Rd2 Rc3+ 47. Ke2 Rbc7 48. Kd1 Ke6 49. Nc1 Rd7 50. Nd3 b3 0-1

[Event "ONJK-A 2019"]
[Site "Borne"]
[Date "2019.08.05"]
[Round "1.11"]
[White "Merkon, Oseb"]
[Black "Nies, Levi"]
[Result "1-0"]
[ECO "D31"]
[WhiteElo "2013"]
[BlackElo "1516"]
[Annotator "NA"]
[PlyCount "101"]
[EventDate "2019.08.05"]
[EventType "swiss"]
[EventCountry "NED"]
[SourceTitle "playchess.com"]
[Source "ChessBase"]
[SourceQuality "1"]
[TimeControl "5400+30"]

1. c4 e6 2. Nc3 d5 3. cxd5 exd5 4. d4 c6 5. g3 Bf5 6. Bg2 Qb6 7. Nf3 Nd7 8. O-O Bd6 9. a3 Ngf6 10. b4 a5 11. b5 cxb5 12. Qb3 a4 13. Qxb5 O-O 14. Nh4 Bg4 15. h3 Be6 16. Qd3 Rfc8 17. f4 Nc5 18. Nxd5 Nxd5 19. dxc5 Rxc5 20. Kh2 Rc3 21. Qd2 Qe3 22. Qe1 Qc5 23. e4 Ne3 24. Rf3 Nc2 25. Qxc3 Qxc3 26. Rxc3 Nxa1 27. e5 Be7 28. f5 Rc8 29. Bb2 Rxc3 30. Bxc3 Ba2 31. Bxa1 Bxa3 32. Bxb7 Bc1 33. Nf3 a3 34. Be4 Bb2 35. Bxb2 axb2 36. Nd2 g6 37. g4 gxf5 38. gxf5 Kg7 39. Kg3 h5 40. h4 f6 41. Kf4 fxe5+ 42. Kxe5 Kf7 43. Bb1 Bxb1 44. Nxb1 Ke7 45. f6+ Kf7 46. Kf5 Kf8 47. Nc3 Kf7 48. Ke5 Kf8 49. Ke6 Ke8 50. f7+ Kf8 51. Nb1 1-0

[Event "ONJK-A 2019"]
[Site "Borne"]
[Date "2019.08.05"]
[Round "1.12"]
[White "Kroon, Gerbrich"]
[Black "Godde, Matthias"]
[Result "0-1"]
[ECO "A07"]
[WhiteElo "1483"]
[BlackElo "1989"]
[Annotator "NA"]
[PlyCount "40"]
[EventDate "2019.08.05"]
[EventType "swiss"]
[EventCountry "NED"]
[SourceTitle "playchess.com"]
[Source "ChessBase"]
[SourceQuality "1"]
[TimeControl "5400+30"]

1. e4 c5 2. Nf3 Nc6 3. g3 g6 4. Bg2 Bg7 5. O-O e5 6. c3 Nge7 7. d3 d5 8. Nbd2 O-O 9. Re1 Re8 10. Nf1 h6 11. Ne3 Be6 12. h3 Qd7 13. Kh2 Rad8 14. Bd2 d4 15. cxd4 Nxd4 16. Bf1 Nec6 17. Nc4 Nxf3+ 18. Qxf3 Bxc4 19. dxc4 Qxd2 20. Re2 Nd4 0-1

[Event "ONJK-A 2019"]
[Site "Borne"]
[Date "2019.08.06"]
[Round "2.1"]
[White "Boudry, William"]
[Black "Maerevoet, Sim"]
[Result "0-1"]
[ECO "B21"]
[WhiteElo "2033"]
[BlackElo "2321"]
[Annotator "NA"]
[PlyCount "84"]
[EventDate "2019.08.05"]
[EventType "swiss"]
[EventCountry "NED"]
[SourceTitle "playchess.com"]
[Source "ChessBase"]
[SourceQuality "1"]
[TimeControl "5400+30"]

1. e4 c5 2. d4 cxd4 3. c3 dxc3 4. Nxc3 Nc6 5. Nf3 d6 6. Bc4 a6 7. O-O Nf6 8. Bf4 {[%emt 0:00:57] B21: Sicilian: 2 f4 and Morra Gambit} (8. h3 e6 9. Qe2 b5 10. Bb3 Bb7 11. Rd1 Qb8 12. Bf4 Nd7 13. Rd2 Be7 14. Bxd6 Bxd6 15. Rad1 Bf4 16. Rxd7 {0-1 (49) Mosadeghpour,M (2475)-Grigoryan,K (2602) Mashhad 2016}) 8... Bg4 9. h3 Bh5 10. g4 Bg6 11. e5 dxe5 12. Nxe5 Qc8 $2 $146 {[%emt 0:06:09] [#]} (12... Qxd1 $11 {and Black stays safe.} 13. Raxd1 (13. Rfxd1 e6 $11) 13... e6) ({Predecessor:} 12... Nxe5 13. Bxe5 Qxd1 14. Rfxd1 e6 15. Be2 Nd7 {1-0 (27) Devallee,J (2284)-Trouve,G (2142) Avoine 2016}) 13. Qb3 $2 ({White should try} 13. Nd5 $1 $18 Nxd5 14. Bxd5) 13... e6 $1 14. Nxc6 bxc6 (14... Qxc6 $11 15. Rfe1 Bc5) 15. Na4 Ra7 $1 16. Be3 (16. g5 $14 Nd5 17. Bxd5 exd5 18. Nb6) 16... Rb7 17. Nb6 Qc7 18. Bxa6 Ra7 {[%emt 0:03:00] [#]} (18... Rb8 $1 $11 19. Rfc1 Be4) 19. Qc4 $11 (19. Bb5 $1 $16 Be4 (19... cxb5 20. Qxb5+) 20. g5) 19... Bd6 20. Nc8 Bh2+ 21. Kh1 Be4+ 22. f3 Bd5 23. Qe2 Rxa6 24. Qxa6 Qg3 25. Qe2 Qxh3 26. Qg2 Qxg2+ 27. Kxg2 Nxg4 28. Bc5 Bf4 29. Rfe1 Nh2 30. Kf2 Nxf3 31. Red1 Ng5 32. Nb6 Ne4+ 33. Kf3 g5 34. Nxd5 exd5 35. Bd4 f6 36. a4 h5 37. a5 Kd7 38. a6 Ra8 39. Ra3 f5 40. a7 h4 41. Rdd3 h3 42. Rdb3 Nd2+ 0-1

[Event "ONJK-A 2019"]
[Site "Borne"]
[Date "2019.08.06"]
[Round "2.2"]
[White "Merkon, Oseb"]
[Black "Baselmans, Luuk"]
[Result "0-1"]
[ECO "A25"]
[WhiteElo "2013"]
[BlackElo "2250"]
[Annotator "NA"]
[PlyCount "94"]
[EventDate "2019.08.05"]
[EventType "swiss"]
[EventCountry "NED"]
[SourceTitle "playchess.com"]
[Source "ChessBase"]
[SourceQuality "1"]
[TimeControl "5400+30"]

1. c4 e5 2. Nc3 Nc6 3. g3 Nf6 4. e4 Bc5 5. Bg2 O-O 6. Nge2 a6 7. d3 d6 8. O-O Be6 9. Be3 Nd7 10. Bxc5 Nxc5 11. b3 Qd7 12. d4 exd4 13. Nxd4 Bh3 14. f4 Rae8 $11 15. Bxh3 Qxh3 16. Nxc6 bxc6 17. Qf3 a5 18. Rae1 h5 19. Re3 Re7 20. e5 f6 21. exf6 Rxe3 22. Qxe3 gxf6 23. f5 Qg4 24. Rf4 Qg5 25. Ne4 Nxe4 26. Qxe4 c5 27. Qe6+ Kg7 28. Kf2 Kh6 29. Qd7 Qg7 30. Qb5 Ra8 31. Qc6 Rf8 32. Qa6 Qe7 33. Qxa5 Qe5 34. Qd2 Kg7 35. g4 Rh8 36. Qe3 hxg4 37. Rxg4+ Kf7 38. Qxe5 fxe5 39. Rg2 Kf6 40. Ke3 Kxf5 41. Rf2+ Ke6 42. Ke4 c6 43. a4 Rh3 44. Rf3 d5+ 45. Ke3 d4+ 46. Ke4 Rh4+ 47. Kd3 e4+ {[%emt 0:00:05] Kxd4} 0-1

[Event "ONJK-A 2019"]
[Site "Borne"]
[Date "2019.08.06"]
[Round "2.3"]
[White "Van Malder, Dries"]
[Black "Ypma, Jord"]
[Result "1/2-1/2"]
[ECO "B51"]
[WhiteElo "2178"]
[BlackElo "1984"]
[Annotator "NA"]
[PlyCount "69"]
[EventDate "2019.08.05"]
[EventType "swiss"]
[EventCountry "NED"]
[SourceTitle "playchess.com"]
[Source "ChessBase"]
[SourceQuality "1"]
[TimeControl "5400+30"]

1. e4 c5 2. Nf3 d6 3. Bb5+ Nd7 4. c3 Ngf6 5. Qe2 a6 6. Ba4 b5 7. Bc2 Bb7 8. O-O e6 9. d4 Be7 10. Re1 Rc8 11. Bd3 Nb6 12. Nbd2 Qc7 13. Nf1 h6 $11 14. Ng3 g5 15. h3 Rg8 16. Nh2 Nbd7 17. Ng4 Nxg4 18. hxg4 Nf6 19. f3 Rh8 20. Be3 h5 21. Nxh5 Nxh5 22. gxh5 Rxh5 23. g4 Rh4 24. Bf2 Rh6 25. Kg2 c4 26. Bc2 Kd7 27. Bg3 Rch8 28. a4 Rh3 29. axb5 axb5 30. b3 f5 31. Rh1 Rxh1 32. Rxh1 Rxh1 33. Kxh1 fxg4 34. fxg4 Qa5 35. Be1 1/2-1/2

[Event "ONJK-A 2019"]
[Site "Borne"]
[Date "2019.08.06"]
[Round "2.4"]
[White "Godde, Matthias"]
[Black "Emans, Job"]
[Result "0-1"]
[ECO "C69"]
[WhiteElo "1989"]
[BlackElo "2089"]
[Annotator "NA"]
[PlyCount "104"]
[EventDate "2019.08.05"]
[EventType "swiss"]
[EventCountry "NED"]
[SourceTitle "playchess.com"]
[Source "ChessBase"]
[SourceQuality "1"]
[TimeControl "5400+30"]

1. e4 e5 2. Nf3 Nc6 3. Bb5 a6 4. Bxc6 dxc6 5. O-O f6 6. d4 exd4 7. Nxd4 c5 8. Nf3 Qxd1 9. Rxd1 Bd7 10. Bf4 O-O-O 11. Nc3 Ne7 12. a4 b6 13. h4 h5 14. Bg3 Be6 15. Rxd8+ Kxd8 $16 16. Rd1+ Kc8 17. Ne1 Nc6 18. Nd3 Nd4 19. Nf4 Bf7 20. Nfd5 Bxd5 21. Nxd5 Ne2+ 22. Kf1 Nxg3+ 23. fxg3 Kb7 24. Ne3 Bd6 25. Nf5 Be5 26. Nxg7 Bxb2 27. Rd7 Be5 28. Nf5 b5 29. axb5 axb5 30. Kf2 b4 31. Kf3 c4 32. Ne3 b3 33. cxb3 cxb3 34. Rd3 b2 35. Rb3+ Ka7 36. Nc4 Rb8 37. Rxb8 Kxb8 38. Nxb2 Bxb2 39. g4 hxg4+ 40. Kxg4 c5 41. Kf5 c4 42. h5 Bc1 43. e5 fxe5 44. Kxe5 Bb2+ 45. Ke4 Kc7 46. g4 Kd6 47. g5 Ke6 48. h6 Kf7 49. Kf5 c3 50. g6+ Kg8 51. g7 c2 52. Kg6 Bxg7 0-1

[Event "ONJK-A 2019"]
[Site "Borne"]
[Date "2019.08.06"]
[Round "2.5"]
[White "Butzen, Robin"]
[Black "Baselmans, Sam"]
[Result "0-1"]
[ECO "E94"]
[WhiteElo "1967"]
[BlackElo "2064"]
[Annotator "NA"]
[PlyCount "66"]
[EventDate "2019.08.05"]
[EventType "swiss"]
[EventCountry "NED"]
[SourceTitle "playchess.com"]
[Source "ChessBase"]
[SourceQuality "1"]
[TimeControl "5400+30"]

1. c4 Nf6 2. d4 g6 3. Nc3 Bg7 4. e4 d6 5. Be2 O-O 6. Nf3 Na6 7. O-O e5 8. d5 Nc5 9. Qc2 a5 10. Ne1 Nfd7 11. Bd2 f5 12. f3 f4 13. b3 g5 14. g4 {[%emt 0:02:39] [#]} ({Better is} 14. Rb1 $11) 14... h5 $1 15. h3 Kf7 16. Ng2 ({White should try} 16. Bc1 $15) 16... Rh8 17. a3 Rh6 18. b4 $19 (18. Nd1 {might work better.}) 18... axb4 19. axb4 Rxa1 20. Rxa1 Na6 21. Nb5 hxg4 22. hxg4 c6 23. dxc6 bxc6 24. Nxd6+ Rxd6 25. c5 Ndxc5 26. bxc5 Rxd2 27. Qc4+ Be6 28. Qxa6 Rxe2 29. Qb7+ Kf6 30. Ra7 Bf8 31. Kh2 Qd2 32. Kh3 Bxg4+ 33. fxg4 Qd3+ 0-1

[Event "ONJK-A 2019"]
[Site "Borne"]
[Date "2019.08.06"]
[Round "2.6"]
[White "Shakhverdian, William"]
[Black "Klaren, Duncan"]
[Result "1-0"]
[ECO "E15"]
[WhiteElo "2045"]
[BlackElo "1964"]
[Annotator "NA"]
[PlyCount "69"]
[EventDate "2019.08.05"]
[EventType "swiss"]
[EventCountry "NED"]
[SourceTitle "playchess.com"]
[Source "ChessBase"]
[SourceQuality "1"]
[TimeControl "5400+30"]

1. d4 Nf6 2. c4 e6 3. Nf3 b6 4. g3 Ba6 5. Bg2 Bxc4 6. Nfd2 Bd5 7. e4 Bb7 8. O-O c5 9. dxc5 (9. d5 $5) 9... Bxc5 10. a3 (10. Nc3 $1 $11) 10... O-O 11. b4 Be7 12. Bb2 d6 13. Nc3 Nbd7 14. Rc1 Ne5 15. Qe2 a5 16. b5 Ned7 17. Rfd1 Rc8 $16 (17... d5 $11 {keeps the balance.}) 18. e5 Nd5 19. Nxd5 Bxd5 20. Bxd5 exd5 21. Rxc8 Qxc8 22. Rc1 Nc5 23. Qf3 dxe5 24. Bxe5 Qe6 25. Bd4 Re8 26. Nb3 Ne4 27. Rc6 Ng5 28. Qe3 Qh3 29. Nd2 Ne6 30. Bxb6 Bxa3 31. Nf3 Qf5 32. Qxa3 Nf4 33. gxf4 Qg4+ 34. Kh1 Qh3 35. Qd3 1-0

[Event "ONJK-A 2019"]
[Site "Borne"]
[Date "2019.08.06"]
[Round "2.7"]
[White "Hofstra, Tetske"]
[Black "Noordenbos, Daan"]
[Result "0-1"]
[ECO "B22"]
[WhiteElo "1126"]
[BlackElo "2042"]
[Annotator "NA"]
[PlyCount "86"]
[EventDate "2019.08.05"]
[EventType "swiss"]
[EventCountry "NED"]
[SourceTitle "playchess.com"]
[Source "ChessBase"]
[SourceQuality "1"]
[TimeControl "5400+30"]

1. e4 c5 2. Nf3 Nc6 3. c3 d5 4. e5 Bg4 5. d4 (5. Bb5 Qb6 6. Na3 e6 7. O-O a6 8. Bxc6+ Qxc6 9. Nc2 Ne7 10. h3 Bh5 11. d4 c4 12. Ne3 h6 13. Bd2 {0-1 (48) Apicella,M (2501)-Lagarde,M (2615) Cannes 2018}) 5... Bxf3 6. Qxf3 {[%emt 0:00:34] B22: Sicilian: 2 c3} cxd4 7. Bb5 dxc3 8. Bxc6+ $146 ({Predecessor:} 8. O-O e6 9. Nxc3 Nge7 10. Rd1 a6 11. Ne4 Ng6 12. Bxc6+ bxc6 {1-0 (31) Perez Pietronave,C (2295)-Maggiolo,E (2130) Buenos Aires 1998}) 8... bxc6 9. Qxc3 Qd7 10. Be3 e6 11. O-O Rb8 12. Nd2 Bb4 13. Qd4 Ne7 14. Nb3 Rb7 (14... a5 $17 15. Qd3 Nf5) 15. a3 (15. Qg4 $11 {remains equal.} Nf5 16. Bc5) 15... Nf5 16. Qd3 Be7 ({Better is} 16... Nxe3 $17 17. Qxe3 Be7) 17. Rab1 d4 18. Bf4 Qd5 19. Nd2 h5 20. Nf3 (20. h3 $17) 20... Rb3 21. Qe2 Rxf3 $2 (21... d3 $19 22. Qd2 O-O) 22. Qxf3 Qxf3 23. gxf3 g5 24. Bd2 {[%emt 0:01:06] [#]} (24. Bc1 $15) 24... Nh4 $1 25. Rfd1 Nxf3+ {[%emt 0:00:10] Double Attack} 26. Kg2 Nxe5 27. f4 (27. Be1 $17) 27... gxf4 28. Bxf4 Ng6 29. Kf3 $19 (29. Bb8 $142 e5 30. Bxa7) 29... e5 30. Bg3 f5 31. Bf2 e4+ 32. Ke2 Nf4+ 33. Ke1 Nd3+ 34. Rxd3 exd3 35. Bxd4 Rg8 36. Bxa7 Rg2 37. Bb8 Rg1+ 38. Kd2 Rxb1 39. Be5 f4 40. Bxf4 Rxb2+ 41. Kxd3 Bxa3 42. Kc3 Rf2 43. Be5 Bb2+ 0-1

[Event "ONJK-A 2019"]
[Site "Borne"]
[Date "2019.08.06"]
[Round "2.8"]
[White "Hilwerda, Jonas"]
[Black "Vleming, Stefan"]
[Result "1/2-1/2"]
[ECO "C45"]
[WhiteElo "2263"]
[BlackElo "1760"]
[Annotator "NA"]
[PlyCount "75"]
[EventDate "2019.08.05"]
[EventType "swiss"]
[EventCountry "NED"]
[SourceTitle "playchess.com"]
[Source "ChessBase"]
[SourceQuality "1"]
[TimeControl "5400+30"]

1. e4 e5 2. Nf3 Nc6 3. d4 exd4 4. Nxd4 Bc5 5. Nb3 Bb6 6. a4 a6 7. Nc3 d6 8. Nd5 Ba7 9. Be3 Bxe3 10. Nxe3 Nf6 11. Bd3 Be6 12. c4 O-O 13. O-O Re8 14. f3 Ne5 15. Be2 c6 $11 16. Qd4 Qc7 17. Nd2 Rad8 18. f4 Neg4 19. Nxg4 Bxg4 20. Bd3 Qa5 21. Rf2 c5 22. Qc3 Qxc3 23. bxc3 Bd7 24. Re2 Bc6 25. Bc2 Re7 26. Rae1 Rde8 27. g3 Nd7 28. Kf2 Nb6 29. a5 Nd7 30. g4 Nf6 31. h3 Re6 32. Bd3 Nd7 33. Nf1 Rf6 34. Kg3 h5 35. Ne3 h4+ 36. Kxh4 Rxf4 37. Nf5 Ne5 38. Re3 1/2-1/2